 Dungeon Crawl Stone Soup version 0.19-a0-1019-g9c6a58d (webtiles) character file.

60018 Ijustatesigmund the Commander (level 14, -5/132 HPs)
             Began as a Demonspawn Fighter on July 25, 2016.
             Was a High Priest of Okawaru.
             Killed from afar by a rime drake (30 damage)
             ... with a flash freeze
             ... on level 6 of the Lair of Beasts on July 26, 2016.
             The game lasted 01:19:41 (25387 turns).

Ijustatesigmund the Commander (Demonspawn Fighter) Turns: 25387, Time: 01:19:41

Health: -5/132     AC: 24    Str: 18    XL:     14   Next: 55%
Magic:  0/28       EV: 23    Int: 11    God:    Okawaru [*****.]
Gold:   401        SH: 14    Dex: 18    Spells: 2 memorised, 10 levels left

rFire  + . .     SeeInvis +     M - +2 demon whip (elec)
rCold  . . .     Gourm    .     L - +4 moon troll leather armour {Spirit, Regen++ MP+5}
rNeg   . . .     Faith    .     c - +1 shield
rPois  .         Spirit   +     (helmet unavailable)
rElec  .         Dismiss  .     E - +1 cloak
rCorr  .         Reflect  .     v - +0 pair of gloves
SustAt +         Harm     .     j - +0 pair of boots
MR     +....                    (no amulet)
Stlth  +++.......               k - +5 ring of protection
                                e - ring of the Octopus King {SustAt AC+1 EV+1 Str+1 Int+1 Dex+1}

@: heroism, very slightly contaminated, hasted, very quick, somewhat resistant
to hostile enchantments, fairly stealthy
A: antennae 3, rugged brown scales 2, fire resistance 1, nightstalker 1, robust
1, flame cloud immunity
a: Heroism, Finesse, Renounce Religion


You were on level 6 of the Lair of Beasts.
You worshipped Okawaru.
Okawaru was extremely pleased with you.
You were hungry.

You visited 4 branches of the dungeon, and saw 23 of its levels.

You collected 1747 gold pieces.
You spent 1346 gold pieces at shops.

Inventory:

Hand Weapons
 q - a +5 flail of protection
 M - a +2 demon whip of electrocution (weapon)
 P - a +2 eveningstar of flaming
 Q - the +6 arbalest "Oklitiso" {flame, +Fly rElec}
   (You found it on level 6 of the Lair of Beasts)

   It causes projectiles fired from it to burn those they strike, causing extra
   injury to most foes and up to half again as much damage against particularly
   susceptible opponents.
   It insulates you from electricity.
   It lets you fly.
 S - a +0 flail of draining
Armour
 c - a +1 shield (worn)
 j - a +0 pair of boots (worn)
 o - the +2 swamp dragon armour of Insecurity {rPois rF+}
   (Okawaru gifted it to you on level 14 of the Dungeon)

   It protects you from fire.
   It protects you from poison.
 v - a +0 pair of gloves (worn)
 E - a +1 cloak (worn)
 L - the +4 moon troll leather armour (worn) {Spirit, Regen++ MP+5}
   (You bought it in a shop on level 9 of the Dungeon)

   It affects your magic capacity (+5).
   It increases your rate of regeneration.
Jewellery
 d - an uncursed ring of flight
 e - a ring of the Octopus King (left hand) {SustAt AC+1 EV+1 Str+1 Int+1 Dex+1}
   (You found it on level 1 of the Lair of Beasts)

   [ring of sustain attributes]

   It sustains your strength, intelligence and dexterity.
   It affects your AC (+1).
   It affects your evasion (+1).
   It affects your strength (+1).
   It affects your intelligence (+1).
   It affects your dexterity (+1).
 k - a +5 ring of protection (right hand)
 t - an uncursed ring of ice
 K - an uncursed ring of positive energy
Wands
 a - a wand of iceblast (7/15)
 b - a wand of lightning (6/15)
 p - a wand of polymorph (18/24)
 A - a wand of acid (0/15)
 D - a wand of digging (15/24)
 F - a wand of slowing (19/48)
 H - a wand of iceblast (3/15)
 I - a wand of paralysis (6/24)
Scrolls
 l - 10 scrolls of remove curse
 u - 2 scrolls of teleportation
 y - 4 scrolls of fog
 C - 2 scrolls of amnesia
 R - a scroll of magic mapping {unknown}
Potions
 g - 3 potions of lignification
 h - a potion of curing
 i - a potion of mutation
 m - a potion of cancellation
 r - a potion of cure mutation
 s - 2 potions of flight
 x - 3 potions of magic
 J - a potion of haste
 O - a potion of resistance
Books
 w - a book of Changes

   Spells                             Type                      Level
   a - Beastly Appendage              Transmutation                1
   b - Sticks to Snakes               Transmutation                2
   c - Spider Form                    Transmutation/Poison         3
   d - Ice Form                       Ice/Transmutation            4
   e - Blade Hands                    Transmutation                5
 G - a book of Minor Magic

   Spells                             Type                      Level
   a - Magic Dart                     Conjuration                  1
   b - Blink                          Translocation                2
   c - Call Imp                       Summoning                    2
   d - Repel Missiles                 Charms/Air                   2
   e - Slow                           Hexes                        2
   f - Conjure Flame                  Conjuration/Fire             3
   g - Mephitic Cloud                 Conjuration/Poison/Air       3
Comestibles
 f - 8 bread rations
 n - 9 meat rations
 B - 9 fruits
 N - 2 slices of pizza


   Skills:
 - Level 12.0(17.0) Fighting
 + Level 11.7(16.7) Maces & Flails
 - Level 8.7(13.7) Armour
 - Level 8.5(13.5) Dodging
 - Level 8.0(13.0) Shields
 - Level 6.7 Translocations
 - Level 13.0 Invocations


You had 10 spell levels left.
You knew the following spells:

 Your Spells              Type           Power        Failure   Level  Hunger
a - Apportation           Tloc           ##........   3%          1    ##.....
b - Blink                 Tloc           N/A          6%          2    ###....


Dungeon Overview and Level Annotations

Branches:
Dungeon (14/15)            Temple (1/1) D:5            Lair (6/6) D:11
  Swamp (0/4) Lair:4       Spider (0/4) Lair:4        Slime (0/5) Lair:5
    Orc (2/2) D:11            Elf (0/3) Orc:2        Vaults (0/5) D:13

Altars:
Ashenzari
Cheibriados
Dithmenos
Elyvilon
Fedhas
Gozag
Hepliaklqana
Kikubaaqudgha
Makhleb
Nemelex Xobeh
Okawaru
Pakellas
Qazlal
Ru
Sif Muna
Trog
Uskayaw
Vehumet
Xom
Yredelemnul
Zin
The Shining One
Jiyva

Shops:
D:8 !   D:9 =[=

Annotations:
Orc:2 Maurice


Innate Abilities, Weirdness & Mutations

You have a pair of large antennae on your head. (SInv)
You are mostly covered in rugged brown scales. (AC +2, +5% HP)
Your flesh is heat resistant. (rF+)
You are slightly more attuned to the shadows.
You are immune to clouds of flame.
You are robust. (+10% HP)


Message History

You block the rime drake's attack.
The merfolk avatar chants its luring song.
You hit the merfolk avatar.
The merfolk avatar is almost dead.
The drowned soul touches you. The drowned soul drowns you!
* * * LOW HITPOINT WARNING * * *
Your unstable footing causes you to fumble your attack.
The rime drake breathes ice at you. The flash freeze misses you.
The flash freeze hits the drowned soul.
The drowned soul partially resists.
The drowned soul is flash-frozen.
You whack the merfolk avatar!
You are no longer entranced.
You kill the merfolk avatar!
Okawaru is honoured by your kill.
The drowned soul returns to the deep! x2
You feel better. You block the rime drake's attack.
You feel better. The rime drake breathes ice at you. The flash freeze hits you!
You die...

#†.≈##≈≈≈≈≈≈##≈≈#≈≈≈#≈≈≈≈#≈≈##..#
...≈≈≈≈≈≈≈≈≈≈≈≈P≈≈≈≈≈≈≈≈≈≈≈≈≈P.##
....≈≈≈≈P≈≈≈≈≈≈≈#≈≈≈≈≈≈≈≈≈≈≈≈≈†..
....≈#≈≈#######...#########≈##...
....##≈≈≈≈≈#8≈≈≈≈≈≈≈≈≈# #≈#≈≈..
...≈≈≈≈≈≈≈≈#≈P≈#≈#≈≈P≈# ≈≈≈≈≈..
...≈≈≈≈≈PP≈#≈≈≈≈≈≈≈≈≈≈# ≈#≈≈≈≈..
#...##≈≈≈≈≈#≈≈≈≈≈k≈≈≈≈# ≈P≈≈##≈..
##..≈#≈#≈≈P#≈≈≈%@}$≈≈≈≈≈≈≈#P##...
#...≈≈≈≈≈≈≈#≈≈≈≈≈≈(≈≈≈≈ 8≈≈ ≈≈≈..
##.≈≈≈≈≈≈≈≈#††≈(≈≈}P≈≈≈ ≈≈≈..
....##≈#≈≈≈.†#≈[|(=≈≈≈≈ ≈≈ #≈..
....##≈≈P≈≈#≈≈≈≈≈≈≈≈P≈# #≈##...
....≈≈≈≈≈≈≈#≈≈≈≈≈≈≈P≈≈# ≈#≈≈≈..P
#...≈≈≈≈≈≈≈#≈≈≈≈≈≈≈≈≈≈# ≈≈≈P≈..P
##..##≈#≈≈8#8≈≈≈≈≈≈≈≈. ≈≈≈##≈P#
#.≈≈#≈###################≈≈≈#≈..


You could see a rime drake.

Vanquished Creatures
  A dire elephant (Lair:6)
  An ettin (Orc:1)
  3 hydras
  A merfolk avatar (Lair:6)
  5 death yaks (Lair:6)
  3 tengu warriors
  A sun demon (Orc:1)
  Nergalle (Orc:1)
  2 unseen horrors
  7 hill giants
  2 harpies (Lair:6)
  A necromancer (D:13)
  19 ugly things
  An orc knight (Orc:1)
  2 griffons
  3 manticores
  2 cyclopes
  4 elephants (Lair:6)
  A torpor snail (Lair:2)
  3 black mambas
  2 gargoyles
  7 spiny frogs
  2 kobold demonologists (D:14)
  6 rime drakes (Lair:6)
  A freezing wraith (D:13)
  3 komodo dragons (Lair:6)
  5 trolls
  A polar bear (Lair:6)
  2 two-headed ogres
  17 blink frogs
  2 shadows
  4 wyverns
  20 yaks
  A vampire (D:8)
  A steam dragon (D:13)
  Eustachio (D:4)
  2 hungry ghosts (D:12)
  6 hippogriffs
  8 vampire mosquitoes
  3 wargs
  A mottled dragon (D:14)
  Duvessa (D:5)
  9 porcupines
  10 water moccasins
  9 orc warriors
  4 sky beasts
  2 wasps
  3 ice beasts
  4 phantoms
  12 wolves
  9 ogres
  The ghost of confidenceinterval the Caller, an amateur HOSu (D:4)
  9 centaurs
  5 big kobolds
  8 crocodiles
  11 giant frogs
  Dowan (D:5)
  3 wyvern skeletons
  4 scorpions
  9 killer bees
  10 wights
  A howler monkey (D:4)
  An electric eel (Lair:2)
  8 crimson imps
  2 centaur zombies
  2 quasits
  10 jellies
  12 orc priests
  A giant frog skeleton (D:12)
  9 hounds
  Jessica (D:2)
  5 iguanas
  17 orc wizards
  8 hell rats (Lair:3)
  8 worker ants
  21 sheep
  A hound zombie (D:11)
  A hound skeleton (D:7)
  A howler monkey zombie (D:5)
  2 worker ant zombies
  Robin (D:2)
  A gnoll (D:5)
  66 river rats
  7 adders
  6 oozes
  An adder skeleton (D:4)
  A worm (D:2)
  3 dart slugs
  3 giant geckos
  68 orcs
  4 giant cockroaches
  6 hobgoblins
  8 jackals
  6 quokkas
  8 bats
  4 giant newts
  17 goblins
  28 kobolds
  22 rats
653 creatures vanquished.

Vanquished Creatures (others)
  3 fungi
  4 plants
7 creatures vanquished.

Grand Total: 660 creatures vanquished

Notes
Turn   | Place    | Note
-------+----------+-------------------------------------------
     0 | D:1      | Ijustatesigmund the Demonspawn Fighter began the quest for the Orb.
     0 | D:1      | Reached XP level 1. HP: 18/18 MP: 1/1
   126 | D:1      | Gained mutation: You are partially covered in rugged brown scales. (AC +1, +3% HP) [demonic ancestry]
   126 | D:1      | Reached XP level 2. HP: 18/24 MP: 2/2
   511 | D:2      | Noticed Jessica
   518 | D:2      | Killed Jessica
   518 | D:2      | Reached XP level 3. HP: 20/30 MP: 3/3
   803 | D:2      | Noticed Robin
   835 | D:2      | Killed Robin
   835 | D:2      | Reached skill level 1 in Dodging
   835 | D:2      | Reached XP level 4. HP: 19/38 MP: 4/4
   919 | D:2      | Found a faded altar of an unknown god.
  1281 | D:3      | Found a glowing golden altar of the Shining One.
  1426 | D:3      | Gained mutation: Your flesh is heat resistant. (rF+) [demonic ancestry]
  1426 | D:3      | Reached XP level 5. HP: 40/44 MP: 5/5
  2273 | D:4      | Found a sparkling altar of Nemelex Xobeh.
  2303 | D:4      | Noticed Eustachio
  2314 | D:4      | Killed Eustachio
  2314 | D:4      | Reached skill level 5 in Fighting
  2314 | D:4      | Gained mutation: You are mostly covered in rugged brown scales. (AC +2, +5% HP) [demonic ancestry]
  2314 | D:4      | Reached XP level 6. HP: 30/53 MP: 6/6
  2608 | D:4      | Reached XP level 7. HP: 58/58 MP: 7/7
  2931 | D:4      | Noticed confidenceinterval's ghost (amateur HOSu)
  2998 | D:4      | Killed confidenceinterval's ghost
  3388 | D:5      | Entered Level 5 of the Dungeon
  3501 | D:5      | Reached skill level 5 in Maces & Flails
  3643 | D:5      | Reached XP level 8. HP: 29/68 MP: 8/8
  3906 | D:5      | Noticed Duvessa
  3908 | D:5      | Noticed Dowan
  3928 | D:5      | Killed Duvessa
  3937 | D:5      | Killed Dowan
  3997 | D:5      | Found a staircase to the Ecumenical Temple.
  4294 | Temple   | Entered the Ecumenical Temple
  4403 | Temple   | Became a worshipper of Warmaster Okawaru
  4961 | D:6      | Noticed Sigmund
  4999 | D:6      | Noticed Sigmund
  5000 | D:6      | Killed Sigmund the jelly
  5268 | D:6      | Gained mutation: You are robust. (+10% HP) [potion of beneficial mutation]
  5624 | D:6      | Reached XP level 9. HP: 82/82 MP: 9/9
  6596 | D:7      | Reached skill level 1 in Invocations
  7030 | D:8      | Reached skill level 2 in Invocations
  7083 | D:8      | Found an ancient bone altar of Kikubaaqudgha.
  7095 | D:8      | Found a burning altar of Makhleb.
  7174 | D:8      | Reached * piety under Okawaru
  7195 | D:8      | Found Jagrua Leth's Distillery.
  7236 | D:8      | Gained mutation: You have a pair of small antennae on your head. [potion of beneficial mutation]
  7358 | D:8      | Reached skill level 3 in Invocations
  7508 | D:8      | Bought a potion of curing for 33 gold pieces
  7508 | D:8      | Bought a potion of haste for 110 gold pieces
  7508 | D:8      | Bought a potion of heal wounds for 55 gold pieces
  7508 | D:8      | Bought a potion of curing for 33 gold pieces
  7807 | D:8      | Reached skill level 4 in Invocations
  8124 | D:8      | Reached skill level 5 in Invocations
  8206 | D:9      | Found Lesam's Antique Armour Shop.
  8267 | D:9      | Noticed a troll
  8286 | D:9      | Killed a troll
  8286 | D:9      | Reached ** piety under Okawaru
  8375 | D:8      | Reached skill level 5 in Shields
  8375 | D:8      | Gained mutation: You have a pair of antennae on your head. [demonic ancestry]
  8375 | D:8      | Reached XP level 10. HP: 68/94 MP: 13/13
  8490 | D:9      | Noticed a hill giant
  8505 | D:9      | Killed a hill giant
  8505 | D:9      | Reached *** piety under Okawaru
  8505 | D:9      | Reached skill level 5 in Armour
  8704 | D:9      | Found Taose's Jewellery Shop.
  8995 | D:9      | Found Eliucac's Jewellery Shop.
  9378 | D:10     | Entered Level 10 of the Dungeon
  9412 | D:10     | Reached skill level 5 in Dodging
  9672 | D:10     | Noticed a manticore
  9689 | D:10     | Killed a manticore
  9922 | D:10     | Found a bloodstained altar of Trog.
 10393 | D:11     | Noticed a cyclops
 10411 | D:11     | Killed a cyclops
 10527 | D:11     | Found a staircase to the Lair.
 10551 | D:11     | Reached **** piety under Okawaru
 10889 | D:11     | Gained mutation: You are slightly more attuned to the shadows. [demonic ancestry]
 10889 | D:11     | Reached XP level 11. HP: 79/100 MP: 14/14
 10988 | D:11     | Noticed a tengu warrior
 10990 | D:11     | Noticed a tengu warrior
 11013 | D:11     | Killed a tengu warrior
 11042 | D:11     | Killed a tengu warrior
 11042 | D:11     | Reached ***** piety under Okawaru
 11232 | D:11     | Found a staircase to the Orcish Mines.
 11253 | D:11     | Reached skill level 6 in Invocations
 11522 | D:11     | Noticed a red ugly thing
 12121 | D:12     | Received a gift from Okawaru
 12304 | D:12     | Reached skill level 7 in Invocations
 12452 | D:12     | Noticed an unseen horror
 12502 | D:12     | Killed an unseen horror
 12691 | D:12     | Noticed a griffon
 12723 | D:12     | Killed a griffon
 12731 | D:12     | Noticed a hill giant
 12731 | D:12     | Noticed a red ugly thing
 12733 | D:12     | Noticed a purple ugly thing
 13010 | D:12     | Noticed a hill giant
 13402 | D:12     | Reached skill level 8 in Invocations
 13412 | D:12     | Killed a hill giant
 13495 | D:12     | Killed a hill giant
 13495 | D:12     | Received a gift from Okawaru
 13726 | D:12     | Noticed a hill giant
 13863 | D:12     | Killed a hill giant
 14310 | Orc:1    | Entered Level 1 of the Orcish Mines
 14485 | Orc:1    | Reached skill level 9 in Invocations
 14606 | Orc:1    | Gained mutation: You have a pair of large antennae on your head. (SInv) [demonic ancestry]
 14606 | Orc:1    | Reached XP level 12. HP: 110/110 MP: 18/18
 14938 | Orc:1    | Noticed Nergalle
 14956 | Orc:1    | Killed Nergalle
 15098 | Orc:2    | Entered Level 2 of the Orcish Mines
 15169 | Orc:1    | Noticed an ettin
 15178 | Orc:1    | Killed an ettin
 15178 | Orc:1    | Reached skill level 10 in Fighting
 15263 | Orc:2    | Noticed Maurice
 15342 | Orc:2    | Found a staircase to the Elven Halls.
 16126 | Lair:1   | Entered Level 1 of the Lair of Beasts
 16149 | Lair:1   | Reached skill level 10 in Invocations
 16436 | Lair:1   | Got a ring of the Octopus King
 16438 | Lair:1   | Identified a ring of the Octopus King {SustAt AC+1 EV+1 Str+1 Int+1 Dex+1} (You found it on level 1 of the Lair of Beasts)
 17504 | Lair:2   | Noticed an eight-headed hydra
 17839 | D:12     | Reached skill level 11 in Invocations
 18936 | D:9      | Bought a glowing cloak for 103 gold pieces
 18936 | D:9      | Bought the +4 moon troll leather armour {Spirit, Regen++ MP+5} for 1012 gold pieces
 19514 | D:13     | Reached skill level 10 in Maces & Flails
 19514 | D:13     | Gained mutation: You are immune to clouds of flame. [demonic ancestry]
 19514 | D:13     | Reached XP level 13. HP: 60/121 MP: 10/21
 19517 | D:13     | Learned a level 1 spell: Apportation
 19965 | D:13     | Reached skill level 1 in Translocations
 19980 | D:13     | Reached skill level 12 in Invocations
 20039 | D:13     | Found a gate to the Vaults.
 20224 | D:14     | Received a gift from Okawaru
 20245 | D:14     | Got an ichor-stained swamp dragon armour {god gift}
 20256 | D:14     | Identified the +2 swamp dragon armour of Insecurity {rPois rF+} (Okawaru gifted it to you on level 14 of the Dungeon)
 21290 | Lair:2   | Reached skill level 13 in Invocations
 21590 | Lair:3   | Learned a level 2 spell: Blink
 22485 | Lair:4   | Found a hole to the Spider Nest.
 22974 | Lair:4   | Found a staircase to the Swamp.
 23922 | Lair:5   | Found a viscous altar of Jiyva.
 23923 | Lair:5   | Found a staircase to the Slime Pits.
 24152 | Lair:6   | Entered Level 6 of the Lair of Beasts
 24244 | Lair:6   | Reached XP level 14. HP: 127/132 MP: 23/23
 24283 | Lair:6   | Received a gift from Okawaru
 24435 | Lair:6   | Got an ichor-stained arbalest
 24534 | Lair:6   | Reached ****** piety under Okawaru
 24589 | Lair:6   | Reached skill level 5 in Translocations
 24978 | Lair:6   | Identified the +6 arbalest "Oklitiso" {flame, +Fly rElec} (You found it on level 6 of the Lair of Beasts)
 25000 | Lair:6   | Received a gift from Okawaru
 25366 | Lair:6   | HP: 6/132 [drowned by a drowned soul[a merfolk avatar] (12)]
 25387 | Lair:6   | Killed from afar by a rime drake

Vault maps used:
D:1:      sevenhm_arrival_forest_fort_small_1
D:2:      ecumenical_altar_2, uniq_robin, uniq_jessica
D:3:      corexii_shack_village, lemuel_crystal_altar, kennysheep_generic_room_3
D:4:      nemelex_xobeh_ov_fountains_minmay, first_bread, uniq_eustachio
D:5:      kennysheep_generic_room_9, uniq_duvessa
D:6:      uniq_sigmund
D:8:      grunt_temple_overflow_open, serial_shops, shop
D:9:      serial_shops, nicolae_shop_temple_entry_statues_fountains, shop,
          nicolae_shop_window_shopping, hangedman_little_slice_of_home
D:10:     basic_altar
D:11:     erik_lair_orcish_takeover, orc_0_dummy
D:12:     hex_large
D:13:     david_vaults_4
D:14:     minmay_tree_intersection
Temple:   dpeg_five_rooms_temple
Lair:1:   serial_bayou_shore_a, grunt_megastairs_1
Lair:2:   nicolae_quartered_pool_little
Lair:3:   lemuel_ratsnest
Lair:4:   swamp_mist, dummy_spider_entry, grunt_megastairs_4,
          infiniplex_staircase_pool
Lair:5:   dpeg_slime_entry_enclosed_altar
Lair:6:   gammafunk_lair_ancient_temple
Orc:1:    nicolae_orc_tapped_out, uniq_nergalle
Orc:2:    pf_orc_diabolical, serial_shops, nicolae_shop_stone, uniq_maurice

Skill      XL: |  1  2  3  4  5  6  7  8  9 10 11 12 13 14 |
---------------+-------------------------------------------+-----
Maces & Flails | 2 3 4 5 6 7 8 10 11 | 11.7
Fighting       | 4 5 6 7 8 9 11 12 | 12.0
Dodging        | 1 2 3 4 6 7 8 |  8.5
Armour         | 3 4 6 7 8 |  8.7
Shields        | 3 4 5 7 8 |  8.0
Invocations    | 5 9 11 13 | 13.0
Translocations | 3 6 |  6.7

Action                   |  1- 3 |  4- 6 |  7- 9 | 10-12 | 13-15 || total
-------------------------+-------+-------+-------+-------+-------++-------
Melee: Flail             |   109 |   271 |   752 |  1726 |   859 ||  3717
       Demon whip        |       |       |       |       |   387 ||   387
Invok: Heroism           |       |       |     2 |    26 |    13 ||    41
       Finesse           |       |       |       |     6 |     3 ||     9
Evoke: Wand              |       |       |     1 |     4 |     9 ||    14
  Use: Scroll            |     2 |     3 |    12 |    14 |    13 ||    44
       Potion            |     2 |     3 |     5 |    11 |    13 ||    34
 Stab: Invisible         |       |     2 |       |       |       ||     2
       Sleeping          |       |       |       |     1 |    12 ||    13
       Paralysed         |       |       |       |     3 |       ||     3
  Eat: Chunk             |       |     5 |    10 |    15 |     3 ||    33
       Pizza             |       |     1 |     3 |       |     1 ||     5
       Fruit             |       |       |     3 |     4 |     3 ||    10
       Meat ration       |       |       |     1 |       |     2 ||     3
       Beef jerky        |       |       |       |     2 |       ||     2
       Royal jelly       |       |       |       |    10 |     1 ||    11
Armor: Scale mail        |    51 |    97 |   392 |   593 |       ||  1133
       Chain mail        |       |   103 |       |       |       ||   103
       Skin              |       |       |     2 |       |       ||     2
       Troll leather arm |       |       |       |    26 |   328 ||   354
Dodge: Dodged            |    20 |    67 |   297 |   861 |   696 ||  1941
Block: Shield            |    48 |   142 |   352 |   921 |   681 ||  2144
       Buckler           |       |       |       |    60 |       ||    60
